 Dungeon Crawl Stone Soup version 0.30.2 (webtiles) character file.

Game seed: 16998020928067765080

37548 porpoise the Spear-Bearer (level 13, 0/116 HPs)
             Began as a Gnoll Wanderer on Apr 6, 2024.
             Was an Elder of Ashenzari.
             Slain by a steam dragon (3 damage)
             ... while petrified by a basilisk
             ... on level 5 of the Lair of Beasts.
             The game lasted 01:12:32 (21957 turns).

porpoise the Spear-Bearer (Gnoll Wanderer)         Turns: 21957, Time: 01:12:33

Health: 0/116      AC:  0    Str: 20    XL:     13   Next: 97%
Magic:  30/30      EV:  2    Int: 10    God:    Ashenzari [****..]
Gold:   1610       SH:  0    Dex: 10    Spells: 28/38 levels left

rFire   . . .        b - +0 sling
rCold   . . .        (no shield)
rNeg    + + +        c - +0 ring mail of Supernal Gnosis {Self, Elem} (curse)
rPois   ∞            r - +0 hat "Behold Eternity" {Fort, Self} (curse)
rElec   .            g - +0 cloak "Inaction of Ashenzari" {Melee, Fort} (curse)
rCorr   .            (no gloves)
SInv    +            u - +0 pair of boots of Ashenzari's Paranoia {Self, Melee} (curse)
Will    .....        C - amulet of Supernal Wisdom {Regen+, Fort, Evo} (curse)
Stlth   +++          Q - ring of Apeoromancy {Slay+4, Melee, Self} (curse)
HPRegen 1.19/turn    m - ring of positive energy
MPRegen 0.22/turn

%: clarity
@: petrified, corroded
A: fangs 1, strong nose, distributed training
a: Renounce Religion, Shatter the Chains


You were on level 5 of the Lair of Beasts.
You worshipped Ashenzari.
Ashenzari was greatly pleased with you.
You visited 2 branches of the dungeon, and saw 15 of its levels.

You collected 1738 gold pieces.
You spent 128 gold pieces at shops.

Inventory:

Hand Weapons
 a - a +3 spear of venom
 b - a +0 sling (weapon)
 w - the +10 long sword of Qyrugruf {drain, Int+3 SInv Stlth+}
   (You found it on level 3 of the Lair of Beasts)

   Int:       It affects your intelligence (+3).
   SInv:      It lets you see invisible.
   Stlth:     It makes you more stealthy.
 z - a +5 trident
Missiles
 I - 3 throwing nets
Armour
 c - the cursed +0 ring mail of Supernal Gnosis (worn) {Self, Elem}

   It has a curse which improves the following skills: Introspection: Fighting
   and Spellcasting.
   Elements:  Fire Magic, Ice Magic, Air Magic and Earth Magic.
 g - the cursed +0 cloak "Inaction of Ashenzari" (worn) {Melee, Fort}
   (You found it on level 2 of the Lair of Beasts)

   It has a curse which improves the following skills: Melee Combat: Short
   Blades, Long Blades, Axes, Maces & Flails, Polearms, Staves and Unarmed
   Combat.
   Fortitude: Armour and Shields.
 r - the cursed +0 hat "Behold Eternity" (worn) {Fort, Self}
   (You took it off Gastronok on level 2 of the Lair of Beasts)

   It has a curse which improves the following skills: Fortitude: Armour and
   Shields.
   Introspection: Fighting and Spellcasting.
 t - +0 acid dragon scales
 u - the cursed +0 pair of boots of Ashenzari's Paranoia (worn) {Self, Melee}
   (You found it on level 6 of the Dungeon)

   It has a curse which improves the following skills: Introspection: Fighting
   and Spellcasting.
   Melee Combat: Short Blades, Long Blades, Axes, Maces & Flails, Polearms,
   Staves and Unarmed Combat.
Jewellery
 m - a ring of positive energy (right hand)
 n - a ring of ice
 C - the cursed amulet of Supernal Wisdom (around neck) {Regen+, Fort, Evo}
   (You found it on level 4 of the Dungeon)

   [amulet of regeneration]

   Regen:     It increases your rate of health regeneration.
   It has a curse which improves the following skills: Fortitude: Armour and
   Shields.
   Evocations: Evocations.
 H - a ring of wizardry
 J - the ring "Dusty Pying" {Wiz SInv}
   (You found it on level 4 of the Lair of Beasts)

   [ring of wizardry]

   It improves your spell success rate.
   SInv:      It lets you see invisible.
 N - a ring of fire
 Q - the cursed ring of Apeoromancy (left hand) {Slay+4, Melee, Self}
   (You found it on level 10 of the Dungeon)

   [ring of slaying]

   Slay:      It affects your accuracy & damage with ranged weapons and melee
   (+4).
   It has a curse which improves the following skills: Melee Combat: Short
   Blades, Long Blades, Axes, Maces & Flails, Polearms, Staves and Unarmed
   Combat.
   Introspection: Fighting and Spellcasting.
Wands
 k - a wand of charming (4)
 s - a wand of flame (45)
 A - a wand of roots (2)
 E - a wand of polymorph (10)
 S - a wand of mindburst (8)
Scrolls
 d - a scroll of silence
 f - a scroll of amnesia
 l - a scroll of vulnerability
 o - a scroll of noise
 p - a scroll of teleportation
 q - 3 scrolls of poison
 v - 2 scrolls of enchant armour
 y - a scroll of enchant weapon
 B - a scroll of blinking
 F - 2 scrolls of fog
Potions
 e - a potion of magic
 h - 3 potions of cancellation
 i - 2 potions of brilliance
 j - 9 potions of attraction
 x - a potion of flight
 D - 3 potions of lignification
 G - 4 potions of might
 L - a potion of curing
 P - a potion of berserk rage


   Skills:
 + Level 11.2(15.5) Fighting
 + Level 9.1(12.7) Short Blades
 + Level 9.1(12.7) Long Blades
 + Level 11.2(14.7) Axes
 + Level 9.1(12.7) Maces & Flails
 + Level 11.2(14.7) Polearms
 + Level 9.1(12.7) Staves
 + Level 9.1 Ranged Weapons
 + Level 9.1 Throwing
 + Level 9.5(13.1) Armour
 + Level 9.1 Dodging
 + Level 9.1 Stealth
 + Level 9.1(12.7) Shields
 + Level 9.1(12.7) Unarmed Combat
 + Level 9.1(13.4) Spellcasting
 + Level 7.5 Conjurations
 + Level 7.5 Hexes
 + Level 7.5 Summonings
 + Level 7.5 Necromancy
 + Level 7.5 Translocations
 + Level 7.5 Transmutations
 + Level 7.5(9.4) Fire Magic
 + Level 7.5(9.4) Ice Magic
 + Level 7.5(9.4) Air Magic
 + Level 7.5(9.4) Earth Magic
 + Level 7.5 Poison Magic
 + Level 9.9 Invocations
 + Level 9.1(10.9) Evocations


You had 28 spell levels left.
You knew the following spells:

 Your Spells              Type           Power      Damage    Failure   Level
a - Airstrike             Air            12%        2d(2-18)  2%          4
o - Olgreb's Toxic Radia  Pois           21%        N/A       6%          4
w - Wereblood             Tmut           21%        N/A       1%          2

Your spell library contained the following spells:

 Spells                   Type           Power      Damage    Failure   Level
 Sting                    Tmut/Pois      84%        1d7       1%          1
 Poisonous Vapours        Pois/Air       46%        N/A       1%          2
 Static Discharge         Conj/Air       46%        2-4/arc   1%          2
 Sublimation of Blood     Necr           21%        N/A       1%          2
 Dazzling Flash           Conj/Hex       42%        N/A       1%          3
 Summon Lightning Spire   Summ/Air       23%        N/A       4%          4
 Animate Dead             Necr           21%        N/A       6%          4
 Silence                  Hex/Air        11%        N/A       12%         5
 Agony                    Necr           21%        N/A       17%         5
 Haunt                    Necr/Summ      10%        N/A       99%         7
 Summon Hydra             Summ           10%        N/A       99%         7
 Infestation              Necr           10%        N/A       100%        8


Dungeon Overview and Level Annotations

Branches:
Dungeon (10/15)            Temple (0/1) D:5            Lair (5/5) D:8
  Swamp (0/4) Lair:2       Spider (0/4) Lair:3        Slime (0/5) Lair:4
    Orc: D:9-12

Altars:
Ashenzari
Cheibriados
Dithmenos
Hepliaklqana
Makhleb
Okawaru
Trog
Vehumet
The Shining One
Jiyva

Shops:
D:5 (   D:9 :

Annotations:
D:8 2 runed translucent doors, SirLogeyBear's ghost, novice HOBe
Lair:4 exclusion: 3 oklob plants


Innate Abilities, Weirdness & Mutations

You have very sharp teeth.
Your uncanny sense of smell can sniff out nearby items.
Your experience applies equally to all skills.


Message History

You barely miss the acid dragon. You punch the acid dragon.
The acid dragon is severely wounded.
The basilisk gazes at you.
You easily resist.
The acid dragon bites you. The acid dragon claws you.
Your +3 spear of venom stops dripping with poison.
b - a +0 sling (weapon)
Your limbs are stiffening.
You shoot a sling bullet.
The sling bullet completely misses the acid dragon.
The acid dragon closely misses you.
The acid dragon claws you but does no damage.
The steam dragon closely misses you. x2
The acid dragon spits acid at you. The splash of acid hits you!!
The steam dragon bites you! The steam dragon barely misses you.
You have turned to stone.
The iguana bites you. The steam dragon bites you. The steam dragon claws you.
The acid dragon bites you! The acid dragon claws you. The iguana bites you!
* * * LOW HITPOINT WARNING * * *
The acid dragon spits acid at you. The splash of acid hits you!!!
* * * LOW HITPOINT WARNING * * *
The acid corrodes you! The steam dragon bites you.
* * * LOW HITPOINT WARNING * * *
The steam dragon claws you.
* * * LOW HITPOINT WARNING * * *
You hear a deafening roar!
The iguana bites you!
* * * LOW HITPOINT WARNING * * *
The acid dragon bites you.
* * * LOW HITPOINT WARNING * * *
The acid dragon claws you.
* * * LOW HITPOINT WARNING * * *
The steam dragon bites you!
* * * LOW HITPOINT WARNING * * *
The steam dragon claws you. The basilisk gazes at you.
You easily resist.
The iguana completely misses you. The steam dragon bites you.
You die...

.#..... ,
♣~≈.♣..♣,, **
~ ..P....,,*
♣♣~~♣..♣
.~♣=** , ,
.......,,
♣.♣~≈♣*
,.≈~♣*,~~
.......,,*
♣♣...♣♣ .≈.♣*
~ ....... ,
♣P.♣~~♣♣≈~P♣
~ ~ ~ .......
* ♣♣.♣♣.≈≈..♣
**, ~ .......
* ♣...≈~~.♣ ∆
, ....... ,
♣...Dl.♣♣*∆∆,
~ .......*,
♣♣.♣@?~♣ ∆,,~
......#,
♣♣.Dl≈♣**∆∆
....### ,
♣...~~♣ ∆∆,
~~~, ...## *,
♣♣..♣~.♣ , *
..P# *
♣♣..P~~♣* ~ *
....#
*♣♣..~~♣
...## *♣ ~≈≈
~ , * ....#
~~≈ ** ...#.*


You could see a basilisk, a steam dragon, an acid dragon (very poisoned,
catching breath) and an iguana.

Vanquished Creatures
  Gastronok (Lair:2)
  3 hydras
  2 catoblepae
  8 death yaks
  Nergalle (Lair:2)
  A fire crab (Lair:3)
  A skyshark (Lair:4)
  A wolf spider (Lair:3)
  A cyclops (D:8)
  6 elephants (Lair:5)
  3 black mambas
  2 rime drakes
  11 cane toads
  2 unseen horrors
  9 komodo dragons
  A troll (D:9)
  15 blink frogs
  7 dream sheep (Lair:2)
  A wraith (D:9)
  21 yaks
  6 basilisks
  5 wyverns
  3 steam dragons
  3 acid dragons
  10 water moccasins
  2 orc warriors
  4 ice beasts
  3 sky beasts
  2 swamp drakes (Lair:5)
  3 ogres
  3 black bears (D:8)
  13 wolves
  3 centaurs
  A phantom (D:6)
  3 kobold brigands
  5 bullfrogs
  A gnoll sergeant (D:7)
  2 scorpions
  20 wights
  17 killer bees
  6 howler monkeys
  2 lava snakes (Lair:4)
  A gnoll bouda (Lair:2)
  2 orc priests
  2 hounds (D:5)
  A jelly (D:6)
  6 iguanas
  5 orc wizards
  12 hell rats
  12 gnolls
  6 adders
  A shadow imp (D:6)
  2 white imps
  A dart slug (D:1)
  21 orcs
  6 ball pythons
  9 bats
  4 endoplasms
  2 giant cockroaches
  4 goblins (D:1)
  7 hobgoblins
  4 jackals
  19 kobolds
  2 quokkas
  A frilled lizard (D:1)
  3 rats
347 creatures vanquished.

Vanquished Creatures (others)
  2 orcs (D:6)
2 creatures vanquished.

Grand Total: 349 creatures vanquished

Notes
Turn   | Place    | Note
-------+----------+-------------------------------------------
     0 | D:1      | porpoise the Gnoll Wanderer began the quest for the Orb.
     0 | D:1      | porpoise set off with the following items: a +2 hand axe, a
                  | +0 spear, a +0 ring mail, a scroll of silence.
     0 | D:1      | Reached XP level 1. HP: 23/23 MP: 1/1
    70 | D:1      | Reached XP level 2. HP: 27/29 MP: 2/2
   460 | D:1      | Reached XP level 3. HP: 35/35 MP: 3/3
   675 | D:2      | Found a faded altar of an unknown god.
   807 | D:2      | Found a broken altar of Ashenzari.
   823 | D:2      | Became a worshipper of Ashenzari the Shackled
   894 | D:2      | Reached skill level 1 in Invocations
  1620 | D:3      | Reached skill level 1 in Short Blades
  1620 | D:3      | Reached skill level 1 in Long Blades
  1620 | D:3      | Reached skill level 1 in Maces & Flails
  1620 | D:3      | Reached skill level 1 in Staves
  1620 | D:3      | Reached skill level 1 in Ranged Weapons
  1620 | D:3      | Reached skill level 1 in Throwing
  1620 | D:3      | Reached skill level 1 in Dodging
  1620 | D:3      | Reached skill level 1 in Stealth
  1620 | D:3      | Reached skill level 1 in Shields
  1620 | D:3      | Reached skill level 1 in Unarmed Combat
  1620 | D:3      | Reached skill level 1 in Spellcasting
  1620 | D:3      | Reached skill level 1 in Evocations
  1723 | D:3      | Learned a level 2 spell: Wereblood
  1813 | D:3      | Found a snail-covered altar of Cheibriados.
  1820 | D:3      | Found an iron altar of Okawaru.
  1917 | D:3      | Reached XP level 4. HP: 38/43 MP: 5/5
  2184 | D:3      | Reached skill level 1 in Conjurations
  2184 | D:3      | Reached skill level 1 in Hexes
  2184 | D:3      | Reached skill level 1 in Summonings
  2184 | D:3      | Reached skill level 1 in Necromancy
  2184 | D:3      | Reached skill level 1 in Translocations
  2184 | D:3      | Reached skill level 1 in Transmutations
  2184 | D:3      | Reached skill level 1 in Fire Magic
  2184 | D:3      | Reached skill level 1 in Ice Magic
  2184 | D:3      | Reached skill level 1 in Air Magic
  2184 | D:3      | Reached skill level 1 in Earth Magic
  2184 | D:3      | Reached skill level 1 in Poison Magic
  2290 | D:3      | Reached XP level 5. HP: 29/48 MP: 7/7
  2482 | D:3      | Found a glowing golden altar of the Shining One.
  2613 | D:3      | Noticed a shadow
  2614 | D:3      | Found a shadowy altar of Dithmenos.
  2615 | D:3      | Found a hazy altar of Hepliaklqana.
  2752 | D:4      | Noticed an ogre
  2763 | D:4      | Killed an ogre
  3034 | D:4      | Reached XP level 6. HP: 55/55 MP: 9/9
  3661 | D:5      | Entered Level 5 of the Dungeon
  3679 | D:5      | Found Eme Meiwoy's Antique Weapon Emporium.
  3706 | D:5      | Bought a jewelled falchion for 128 gold pieces
  3706 | D:5      | Identified the +6 falchion of Modesty {drain, Fragile
                  | +Blink Str+3 Stlth+} (You bought it in a shop on level 5 of
                  | the Dungeon)
  3709 | D:5      | You fall into a shaft and drop 1 floor!
  4014 | D:5      | Found a staircase to the Ecumenical Temple.
  4074 | D:5      | Reached XP level 7. HP: 59/60 MP: 10/10
  4074 | D:5      | Reached * piety under Ashenzari
  4074 | D:5      | Identified a scroll of acquirement
  4075 | D:5      | Acquired 797 gold pieces
  5414 | D:6      | Reached XP level 8. HP: 51/68 MP: 13/13
  5747 | D:6      | HP: 3/62 [wight/+6 long sword (7)]
  7123 | D:6      | Reached XP level 9. HP: 47/75 MP: 15/15
  7740 | D:7      | Reached skill level 5 in Armour
  8498 | D:7      | Reached skill level 5 in Invocations
  9220 | D:8      | Killed an unseen horror
  9443 | D:8      | Reached skill level 5 in Short Blades
  9443 | D:8      | Reached skill level 5 in Long Blades
  9443 | D:8      | Reached skill level 5 in Maces & Flails
  9443 | D:8      | Reached skill level 5 in Staves
  9443 | D:8      | Reached skill level 5 in Ranged Weapons
  9443 | D:8      | Reached skill level 5 in Throwing
  9443 | D:8      | Reached skill level 5 in Dodging
  9443 | D:8      | Reached skill level 5 in Stealth
  9443 | D:8      | Reached skill level 5 in Shields
  9443 | D:8      | Reached skill level 5 in Unarmed Combat
  9443 | D:8      | Reached skill level 5 in Spellcasting
  9443 | D:8      | Reached skill level 5 in Evocations
  9591 | D:8      | Reached XP level 10. HP: 83/83 MP: 18/18
  9610 | D:8      | Found a large runed translucent door.
  9610 | D:8      | Found a large runed translucent door.
  9610 | D:8      | Noticed SirLogeyBear's ghost (novice HOBe)
 10003 | D:8      | Noticed a cyclops
 10037 | D:8      | Killed a cyclops
 10675 | D:8      | Found a staircase to the Lair.
 10914 | D:8      | Reached ** piety under Ashenzari
 11303 | Lair:1   | Entered Level 1 of the Lair of Beasts
 12273 | D:9      | Reached skill level 5 in Conjurations
 12273 | D:9      | Reached skill level 5 in Hexes
 12273 | D:9      | Reached skill level 5 in Summonings
 12273 | D:9      | Reached skill level 5 in Necromancy
 12273 | D:9      | Reached skill level 5 in Translocations
 12273 | D:9      | Reached skill level 5 in Transmutations
 12273 | D:9      | Reached skill level 5 in Fire Magic
 12273 | D:9      | Reached skill level 5 in Ice Magic
 12273 | D:9      | Reached skill level 5 in Air Magic
 12273 | D:9      | Reached skill level 5 in Earth Magic
 12273 | D:9      | Reached skill level 5 in Poison Magic
 12377 | D:9      | Found Finouviuly's Self-Improvement Boutique.
 12431 | D:9      | Reached XP level 11. HP: 92/92 MP: 22/22
 12684 | D:9      | Found a bloodstained altar of Trog.
 13091 | D:10     | Entered Level 10 of the Dungeon
 13911 | D:10     | Found a burning altar of Makhleb.
 14034 | D:10     | Reached *** piety under Ashenzari
 14038 | D:10     | Found a radiant altar of Vehumet.
 15210 | Lair:1   | Noticed a catoblepas
 15234 | Lair:1   | Killed a catoblepas
 15848 | Lair:2   | Noticed Nergalle
 15868 | Lair:2   | Killed Nergalle
 15917 | Lair:2   | Reached XP level 12. HP: 73/103 MP: 26/26
 16390 | Lair:2   | Reached skill level 10 in Fighting
 16390 | Lair:2   | Reached skill level 10 in Axes
 16390 | Lair:2   | Reached skill level 10 in Polearms
 16563 | Lair:2   | Noticed Gastronok
 16606 | Lair:2   | Killed Gastronok
 16725 | Lair:2   | Found a staircase to the Swamp.
 17221 | Lair:2   | Learned a level 4 spell: Airstrike
 17226 | Lair:2   | Learned a level 4 spell: Olgreb's Toxic Radiance
 17253 | Lair:3   | Found a hole to the Spider Nest.
 17521 | Lair:3   | Identified the +10 long sword of Qyrugruf {drain, Int+3
                  | SInv Stlth+}
 17822 | Lair:3   | Noticed a catoblepas
 17989 | Lair:3   | Killed a catoblepas
 18216 | Lair:3   | Noticed a death yak
 18217 | Lair:3   | Noticed a death yak
 18218 | Lair:3   | Noticed a death yak
 18218 | Lair:3   | Noticed a death yak
 18234 | Lair:3   | Killed a death yak
 18247 | Lair:3   | Killed a death yak
 18248 | Lair:3   | Reached XP level 13. HP: 52/111 MP: 28/28
 18737 | Lair:4   | Found a staircase to the Slime Pits.
 18737 | Lair:4   | Found a viscous altar of Jiyva.
 19090 | Lair:4   | Identified the ring "Dusty Pying" {Wiz SInv}
 20110 | Lair:5   | Entered Level 5 of the Lair of Beasts
 21919 | Lair:5   | Reached **** piety under Ashenzari
 21956 | Lair:5   | HP: 2/116 [steam dragon (6)]
 21957 | Lair:5   | Slain by a steam dragon

Illustrated notes

Levels and vault maps discovered:
D:1:      scummos_arrival_gate, layout_basic
D:2:      layout_loops_ring, shapermc_ecumenical_altar_notcrosses,
          serial_co_window_serial, co_window_of_opportunity_a,
          co_window_paths_b, co_window_paths_b, co_window_corner_a,
          co_window_corner_a, co_window_broadway_a, co_window_corner_ca,
          co_window_corner_b, co_window_4corner_b, glass_columns_c, basic_altar
D:3:      layout_loops_corners, riverfiend_overflow_shadow_ancestor,
          mainiacjoe_overflow_big_doors, nicolae_tso_swordbearing_angel
D:4:      layout_basic, kennysheep_generic_room_10
D:5:      wad_crossroads, layout_basic, temple_doors_e, serial_shops,
          nicolae_shop_hallway_plus
D:6:      layout_loops_ring
D:7:      layout_loops_ring
D:8:      layout_gridville, minmay_lair_entry_grove,
          ebering_ghost_disaster_area, kennysheep_just_a_vault
D:9:      layout_stronghold, kennysheep_mini_moat, nicolae_shop_self_help
D:10:     layout_loops_ring, kennysheep_mini, bloody_makhleb
Lair:1:   layout_misc_corridors, lemuel_fruit_fields
Lair:2:   layout_layer_cave, swamp_mist_pool, dreamdust_gnoll_shepherd,
          serial_bayou_shore_b, uniq_nergalle, uniq_gastronok
Lair:3:   layout_loops_ring, spider_nest_entry_rubble
Lair:4:   layout_gridlike, minmay_slime_entry_oklob_open
Lair:5:   wormcave, layout_hall_layers, guppyfry_lair_end_dragon,
          serial_bayou_crossing

Skill      XL: |  1  2  3  4  5  6  7  8  9 10 11 12 13 |
---------------+----------------------------------------+-----
Invocations    | 1 2 3 4 5 6 7 8 9 |  9.9
Short Blades   | 1 2 3 5 6 7 8 9 |  9.1
Long Blades    | 1 2 3 5 6 7 8 9 |  9.1
Maces & Flails | 1 2 3 5 6 7 8 9 |  9.1
Staves         | 1 2 3 5 6 7 8 9 |  9.1
Ranged Weapons | 1 2 3 5 6 7 8 9 |  9.1
Throwing       | 1 2 3 5 6 7 8 9 |  9.1
Dodging        | 1 2 3 5 6 7 8 9 |  9.1
Stealth        | 1 2 3 5 6 7 8 9 |  9.1
Shields        | 1 2 3 5 6 7 8 9 |  9.1
Unarmed Combat | 1 2 3 5 6 7 8 9 |  9.1
Spellcasting   | 1 2 3 5 6 7 8 9 |  9.1
Evocations     | 1 2 3 5 6 7 8 9 |  9.1
Conjurations   | 1 2 3 4 5 6 7 |  7.5
Hexes          | 1 2 3 4 5 6 7 |  7.5
Summonings     | 1 2 3 4 5 6 7 |  7.5
Necromancy     | 1 2 3 4 5 6 7 |  7.5
Translocations | 1 2 3 4 5 6 7 |  7.5
Transmutations | 1 2 3 4 5 6 7 |  7.5
Fire Magic     | 1 2 3 4 5 6 7 |  7.5
Ice Magic      | 1 2 3 4 5 6 7 |  7.5
Air Magic      | 1 2 3 4 5 6 7 |  7.5
Earth Magic    | 1 2 3 4 5 6 7 |  7.5
Poison Magic   | 1 2 3 4 5 6 7 |  7.5
Armour         | 3 4 5 6 7 8 9 |  9.5
Fighting       | 7 8 9 10 11 | 11.2
Axes           | 7 8 9 10 11 | 11.2
Polearms       | 7 8 9 10 11 | 11.2

Action                     |  1- 3 |  4- 6 |  7- 9 | 10-12 | 13-15 || total
---------------------------+-------+-------+-------+-------+-------++-------
  Melee: Hand axe          |    92 |    21 |    15 |       |       ||   128
         Bite              |     4 |     6 |    36 |   116 |    77 ||   239
         Punch             |     1 |     2 |    11 |    46 |    45 ||   105
         Spear             |       |    67 |   114 |   736 |   349 ||  1266
         Trident           |       |     4 |   219 |    79 |    10 ||   312
         Long sword        |       |       |       |    15 |    78 ||    93
   Fire: Sling             |       |       |       |       |    32 ||    32
  Throw: Throwing net      |       |       |     1 |       |       ||     1
         Dart              |       |       |       |    42 |       ||    42
   Cast: Airstrike         |       |       |       |       |     3 ||     3
 Invoke: Curse Item        |     1 |       |     1 |     3 |     2 ||     7
         Shatter the Chain |       |       |       |       |     1 ||     1
  Evoke: Wand              |       |       |     1 |       |     4 ||     5
    Use: Scroll            |       |     7 |     1 |       |     2 ||    10
         Potion            |       |       |    10 |     4 |     3 ||    17
   Stab: Sleeping          |       |     1 |     2 |    12 |     2 ||    17
         Invisible         |       |       |     5 |       |       ||     5
         Held in net/web   |       |       |       |     1 |       ||     1
         Distracted        |       |       |       |       |     3 ||     3
 Armour: Ring mail         |    36 |    28 |    56 |   154 |    92 ||   366
  Dodge: Dodged            |    51 |    28 |   139 |   263 |   159 ||   640
